PBL
KELOWNA HEAT @ ROSWELL INVADERS
09/25/2047
 
TOP OF THE 1ST
Kelowna Heat batting - Pitching for Roswell Invaders : RHP Toshihiro Nagao
Pitching: RHP Toshihiro Nagao
Batting: RHB Armando Ramirez 0-0: Ball
1-0: Foul Ball, location: 2F
1-1: Ball
2-1: SINGLE (Line Drive, 9S, EV 101.9 MPH)
Batting: RHB Malik Sharpless 0-0: Ball
1-0: Ball
2-0: Ball
Armando Ramirez is caught stealing 2nd base 2-4
3-0: Called Strike
3-1: Foul Ball, location: 2F
3-2: Ground out 6-3 (Groundball, 56D, EV 83.8 MPH)
Batting: RHB Tony Harper 0-0: Ball
1-0: Ball
2-0: Ball
3-0: Base on Balls
Batting: LHB Mike Roberts 0-0: Ground out 6-3 (Groundball, 6S, EV 68.1 MPH)
Top of the 1st over - 0 runs, 1 hit, 0 errors, 1 left on base; Kelowna 0 - Roswell 0
BOTTOM OF THE 1ST
Roswell Invaders batting - Pitching for Kelowna Heat : LHP Jason Haas
Pitching: LHP Jason Haas
Batting: RHB Mike Smith 0-0: Ball
1-0: Foul Ball, location: 2F
1-1: SINGLE (Groundball, 6MD, EV 97.5 MPH)
Batting: RHB Juan Mejia 0-0: Ball
1-0: Foul Ball, location: 2F
1-1: Called Strike
1-2: Ball
2-2: Foul Ball, location: 2F
2-2: Grounds into double play, 6-4-3 (Groundball, 6, EV 101.9 MPH)
Batting: LHB Ivan Cortez 0-0: Fly out, F7 (Flyball, 7S, EV 87.5 MPH)
Bottom of the 1st over - 0 runs, 1 hit, 0 errors, 0 left on base; Kelowna 0 - Roswell 0
TOP OF THE 2ND
Kelowna Heat batting - Pitching for Roswell Invaders : RHP Toshihiro Nagao
Batting: LHB Oscar Tamayo 0-0: Ground out 6-3 (Groundball, 6MD, EV 103.8 MPH)
Batting: RHB Noe Oliva 0-0: Called Strike
0-1: Ground out 6-3 (Groundball, 6, EV 105.6 MPH)
Batting: RHB Soichi Kaneshiro 0-0: Ball
1-0: Called Strike
1-1: Ball
2-1: SINGLE (Line Drive, 4D, EV 98.1 MPH)
Batting: RHB Azeem bin Zuhair 0-0: Foul Ball, location: 2F
0-1: Foul Ball, location: 2F
0-2: Fielders Choice at 2nd, 5-4 (Groundball, 5, EV 102.5 MPH)
Top of the 2nd over - 0 runs, 1 hit, 0 errors, 1 left on base; Kelowna 0 - Roswell 0
BOTTOM OF THE 2ND
Roswell Invaders batting - Pitching for Kelowna Heat : LHP Jason Haas
Batting: RHB Homer Petropoulos 0-0: Fly out, F8 (Flyball, 8RD, EV 99.4 MPH)
Batting: RHB Hidemitsu Matsuno 0-0: Foul Ball, location: 2F
0-1: Ball
1-1: Called Strike
1-2: Foul Ball, location: 2F
1-2: Ball
2-2: Fly out, F7 (Flyball, 7LM, EV 98.8 MPH)
Batting: LHB Angelo Lira 0-0: Ball
1-0: Called Strike
1-1: Foul Ball, location: 2F
1-2: Ball
2-2: Fly out, F6 (Line Drive, 6M, EV 68.8 MPH)
Bottom of the 2nd over - 0 runs, 0 hits, 0 errors, 0 left on base; Kelowna 0 - Roswell 0
TOP OF THE 3RD
Kelowna Heat batting - Pitching for Roswell Invaders : RHP Toshihiro Nagao
Batting: RHB Glen Limeburner 0-0: Ball
1-0: Foul Ball, location: 2F
1-1: Ball
2-1: DOUBLE (Line Drive, 9LM, EV 103.8 MPH)
Batting: RHB Armando Ramirez 0-0: Swinging Strike
0-1: Ball
1-1: Ball
2-1: SINGLE (Line Drive, 8LS, EV 96.9 MPH)
Glen Limeburner to third
Batting: RHB Malik Sharpless 0-0: Called Strike
0-1: Swinging Strike
0-2: SINGLE (Groundball, 34D, EV 103.8 MPH)
Glen Limeburner scores
Armando Ramirez to second
Runner from 2nd tries for 3rd, SAFE, throw by RF made to third
Batting: RHB Tony Harper 0-0: Ball
1-0: Ball
2-0: Called Strike
2-1: Ball
3-1: Fly out, F8 (Flyball, 8RM, EV 91.9 MPH)
Runner from 3rd tags up, SCORES, throw by CF
Batting: LHB Mike Roberts 0-0: Ball
1-0: Ball
2-0: Ball
3-0: Called Strike
3-1: Foul Ball, location: 2F
3-2: Base on Balls
Malik Sharpless to second
Batting: LHB Oscar Tamayo 0-0: Ball
1-0: Ball
2-0: Foul Ball, location: 2F
2-1: Foul Ball, location: 2F
2-2: SINGLE (Groundball, 4MD, EV 109.4 MPH)
Malik Sharpless to third
Mike Roberts to second
Runner from 3rd tries for Home, SAFE, throw by CF to home
Batting: RHB Noe Oliva 0-0: 3-RUN HOME RUN (Flyball, 7D, EV 95.0 MPH), Distance : 362 ft
Batting: RHB Soichi Kaneshiro 0-0: Ball
1-0: Ball
2-0: Fly out, F6 (Popup, 6MS, EV 77.5 MPH)
Batting: RHB Azeem bin Zuhair 0-0: Called Strike
0-1: Ball
1-1: Ball
2-1: Swinging Strike
2-2: Strikes out looking
Top of the 3rd over - 6 runs, 5 hits, 0 errors, 0 left on base; Kelowna 6 - Roswell 0
BOTTOM OF THE 3RD
Roswell Invaders batting - Pitching for Kelowna Heat : LHP Jason Haas
Batting: RHB Shing Mah 0-0: Foul Ball, location: 2F
0-1: Swinging Strike
0-2: Strikes out swinging
Batting: RHB Dave Beerman 0-0: Ball
1-0: Foul Ball, location: 2F
1-1: Ball
2-1: Ground out 6-3 (Groundball, 6, EV 86.2 MPH)
Batting: RHB Carlos Gonzalez 0-0: Ball
1-0: Ball
2-0: Ball
3-0: Base on Balls
Batting: RHB Mike Smith 0-0: Ball
1-0: Foul Ball, location: 2F
1-1: DOUBLE (Line Drive, 9LM, EV 88.1 MPH)
Carlos Gonzalez to third
Batting: RHB Juan Mejia 0-0: Foul Ball, location: 2F
0-1: Ball
Passed Ball!
Carlos Gonzalez scores
Mike Smith to third
1-1: Ball
2-1: SINGLE (Groundball, 23, EV 69.4 MPH) (infield hit)
Mike Smith scores
Batting: LHB Ivan Cortez 0-0: Ball
1-0: Ball
2-0: Called Strike
2-1: Foul Ball, location: 2F
2-2: Foul Ball, location: 2F
Pickoff Throw to First - Error! E1
Juan Mejia to second
2-2: Ground out 3-1 (Groundball, 34S, EV 88.8 MPH)
Bottom of the 3rd over - 2 runs, 2 hits, 1 error, 1 left on base; Kelowna 6 - Roswell 2
TOP OF THE 4TH
Kelowna Heat batting - Pitching for Roswell Invaders : RHP Toshihiro Nagao
Batting: RHB Glen Limeburner 0-0: Ball
1-0: Foul Ball, location: 2F
1-1: Ball
2-1: Swinging Strike
2-2: Strikes out looking
Batting: RHB Armando Ramirez 0-0: Ground out 5-3 (Groundball, 5, EV 99.4 MPH)
Batting: RHB Malik Sharpless 0-0: Ball
1-0: Swinging Strike
1-1: Called Strike
1-2: Foul Ball, location: 2F
1-2: Ball
2-2: Ball
3-2: Strikes out swinging
Top of the 4th over - 0 runs, 0 hits, 0 errors, 0 left on base; Kelowna 6 - Roswell 2
BOTTOM OF THE 4TH
Roswell Invaders batting - Pitching for Kelowna Heat : LHP Jason Haas
Batting: RHB Homer Petropoulos 0-0: Ball
1-0: Ball
2-0: Ground out 5-3 (Groundball, 56D, EV 85.6 MPH)
Batting: RHB Hidemitsu Matsuno 0-0: Ball
1-0: Called Strike
1-1: Ball
2-1: Swinging Strike
2-2: Strikes out swinging
Batting: LHB Angelo Lira 0-0: Ball
1-0: Ball
2-0: Called Strike
2-1: Ground out 5-3 (Groundball, 5, EV 101.9 MPH)
Bottom of the 4th over - 0 runs, 0 hits, 0 errors, 0 left on base; Kelowna 6 - Roswell 2
TOP OF THE 5TH
Kelowna Heat batting - Pitching for Roswell Invaders : RHP Toshihiro Nagao
Batting: RHB Tony Harper 0-0: Ball
1-0: Ball
2-0: Ball
3-0: Called Strike
3-1: Base on Balls
Pitching: LHP Ian Tamburrino
Batting: LHB Mike Roberts 0-0: Called Strike
0-1: Called Strike
0-2: Ball
1-2: Fly out, F7 (Flyball, 7, EV 91.9 MPH)
Batting: LHB Oscar Tamayo 0-0: Ball
1-0: Foul Ball, location: 2F
1-1: Swinging Strike
1-2: Hit by Pitch
Tony Harper to second
Batting: RHB Noe Oliva 0-0: Foul Ball, location: 2F
0-1: Foul Ball, location: 2F
0-2: Strikes out swinging
Batting: RHB Soichi Kaneshiro 0-0: Ball
1-0: Fielders Choice at 2nd, 6-4 (Groundball, 6, EV 86.2 MPH)
Top of the 5th over - 0 runs, 0 hits, 0 errors, 2 left on base; Kelowna 6 - Roswell 2
BOTTOM OF THE 5TH
Roswell Invaders batting - Pitching for Kelowna Heat : LHP Jason Haas
Batting: RHB Shing Mah 0-0: Fly out, F9 (Flyball, 9LS, EV 83.8 MPH)
Batting: RHB Dave Beerman 0-0: Ball
1-0: Foul Ball, location: 2F
1-1: Foul Ball, location: 2F
1-2: Strikes out swinging
Batting: RHB Carlos Gonzalez 0-0: Swinging Strike
0-1: Foul Ball, location: 2F
0-2: Strikes out swinging
Bottom of the 5th over - 0 runs, 0 hits, 0 errors, 0 left on base; Kelowna 6 - Roswell 2
TOP OF THE 6TH
Kelowna Heat batting - Pitching for Roswell Invaders : LHP Ian Tamburrino
Batting: RHB Azeem bin Zuhair 0-0: Called Strike
0-1: Called Strike
0-2: Ball
1-2: Foul Ball, location: 2F
1-2: Fly out, F7 (Flyball, 78M, EV 75.0 MPH)
Batting: RHB Glen Limeburner 0-0: Foul Ball, location: 2F
0-1: Foul Ball, location: 2F
0-2: Ball
1-2: Ball
2-2: Foul Ball, location: 2F
2-2: Fly out, F8 (Flyball, 8LD, EV 94.4 MPH)
Batting: RHB Armando Ramirez 0-0: Ball
1-0: Foul Ball, location: 2F
1-1: Ball
2-1: Foul Ball, location: 2F
2-2: Foul Ball, location: 2F
2-2: Strikes out swinging
Top of the 6th over - 0 runs, 0 hits, 0 errors, 0 left on base; Kelowna 6 - Roswell 2
BOTTOM OF THE 6TH
Roswell Invaders batting - Pitching for Kelowna Heat : LHP Jason Haas
Batting: RHB Mike Smith 0-0: Called Strike
0-1: Called Strike
0-2: SINGLE (Groundball, 56D, EV 105.0 MPH)
Batting: RHB Juan Mejia 0-0: Called Strike
0-1: Foul Ball, location: 2F
0-2: Ball
1-2: Strikes out swinging
Batting: LHB Ivan Cortez 0-0: Ball
1-0: Foul Ball, location: 2F
1-1: Ball
2-1: Foul Ball, location: 2F
2-2: Fly out, F7 (Flyball, 7S, EV 84.4 MPH)
Batting: RHB Homer Petropoulos 0-0: Ball
1-0: Called Strike
1-1: Called Strike
1-2: Foul Ball, location: 2F
1-2: Ball
2-2: Foul Ball, location: 2F
2-2: Foul Ball, location: 2F
2-2: Ground out U3 (Groundball, 3L, EV 79.4 MPH)
Bottom of the 6th over - 0 runs, 1 hit, 0 errors, 1 left on base; Kelowna 6 - Roswell 2
TOP OF THE 7TH
Kelowna Heat batting - Pitching for Roswell Invaders : LHP Ian Tamburrino
Batting: RHB Malik Sharpless 0-0: Ball
1-0: Ball
2-0: Called Strike
2-1: Fly out, F7 (Flyball, 7S, EV 93.8 MPH)
Batting: RHB Tony Harper 0-0: Ball
1-0: Ball
2-0: Ball
3-0: Called Strike
3-1: Base on Balls
Batting: LHB Mike Roberts 0-0: Ball
1-0: Called Strike
1-1: Ball
2-1: Swinging Strike
2-2: Foul Ball, location: 2F
2-2: Strikes out swinging
Batting: LHB Oscar Tamayo 0-0: Swinging Strike
0-1: Fielders Choice at 2nd, U4 (Groundball, 4M, EV 80.0 MPH)
Top of the 7th over - 0 runs, 0 hits, 0 errors, 1 left on base; Kelowna 6 - Roswell 2
BOTTOM OF THE 7TH
Roswell Invaders batting - Pitching for Kelowna Heat : LHP Jason Haas
Batting: RHB Hidemitsu Matsuno 0-0: Foul Ball, location: 2F
0-1: Ball
1-1: Called Strike
1-2: Strikes out swinging
Batting: LHB Angelo Lira 0-0: Ball
1-0: Ground out 4-3 (Groundball, 34, EV 111.2 MPH)
Batting: RHB Shing Mah 0-0: Ground out 5-3 (Groundball, 56, EV 79.4 MPH)
Bottom of the 7th over - 0 runs, 0 hits, 0 errors, 0 left on base; Kelowna 6 - Roswell 2
TOP OF THE 8TH
Kelowna Heat batting - Pitching for Roswell Invaders : LHP Ian Tamburrino
Batting: RHB Noe Oliva 0-0: Called Strike
0-1: Foul Ball, location: 2F
0-2: Foul Ball, location: 2F
0-2: Strikes out looking
Batting: RHB Soichi Kaneshiro 0-0: Ball
1-0: Ground out 3-1 (Groundball, 34S, EV 81.2 MPH)
Batting: RHB Azeem bin Zuhair 0-0: Ball
1-0: SINGLE (Groundball, 56S, EV 76.9 MPH) (infield hit)
Pitching: RHP D.J. Bryant
Pinch Hitting: LHB Adrian Navarro 0-0: Called Strike
0-1: Ball
1-1: Called Strike
1-2: Foul Ball, location: 2F
1-2: Foul Ball, location: 2F
1-2: Strikes out swinging wild pitch, reaches first!
Azeem bin Zuhair to second
Batting: RHB Armando Ramirez 0-0: DOUBLE (Line Drive, 89M, EV 99.4 MPH)
Azeem bin Zuhair scores
Adrian Navarro to third
Runner from 3rd tries for Home, SAFE, no throw by RF
Batting: RHB Malik Sharpless 0-0: Swinging Strike
0-1: Ball
1-1: Swinging Strike
1-2: SINGLE (Groundball, 6MD, EV 99.4 MPH)
Armando Ramirez to third
Throwing error, E8
Armando Ramirez scores
Malik Sharpless to second
Batting: RHB Tony Harper 0-0: Ball
1-0: Ball
2-0: Foul Ball, location: 2F
2-1: Foul Ball, location: 2F
2-2: Ball
3-2: Base on Balls
Batting: LHB Mike Roberts 0-0: Foul Ball, location: 2F
0-1: Ball
1-1: Ball
2-1: Ball
3-1: Base on Balls
Malik Sharpless to third
Tony Harper to second
Pinch Hitting: SHB Cedric Sweep 0-0: Fly out, F7 (Flyball, 7D, EV 98.1 MPH)
Top of the 8th over - 3 runs, 3 hits, 1 error, 3 left on base; Kelowna 9 - Roswell 2
BOTTOM OF THE 8TH
Roswell Invaders batting - Pitching for Kelowna Heat : LHP Jason Haas
Now at 2B: Jaime Rios
Now at SS: Cedric Sweep
Pinch Hitting: LHB Falco van Koeveringe 0-0: Ball
1-0: Ball
2-0: Ball
3-0: Called Strike
3-1: Called Strike
3-2: SINGLE (Line Drive, 89S, EV 104.4 MPH)
Batting: RHB Benjie Alejandro 0-0: 2-RUN HOME RUN (Flyball, 78XD, EV 107.5 MPH), Distance : 408 ft
Batting: RHB Mike Smith 0-0: Foul Ball, location: 2F
0-1: Swinging Strike
0-2: Ball
1-2: Ball
2-2: Foul Ball, location: 2F
2-2: Ball
3-2: Strikes out swinging
Batting: RHB Juan Mejia 0-0: Swinging Strike
0-1: Ball
1-1: Foul Ball, location: 2F
1-2: Strikes out swinging
Batting: LHB Ivan Cortez 0-0: SINGLE (Flyball, 5D, EV 92.5 MPH)
Batting: RHB Homer Petropoulos 0-0: Ball
1-0: Called Strike
1-1: DOUBLE (Line Drive, 9LS, EV 95.0 MPH)
Ivan Cortez to third
Pitching: RHP James Jenkins
Batting: RHB Hidemitsu Matsuno 0-0: Ball
1-0: Foul Ball, location: 2F
1-1: DOUBLE (Flyball, 8LXD, EV 96.2 MPH)
Ivan Cortez scores
Homer Petropoulos scores
Batting: LHB Angelo Lira 0-0: Ball
1-0: Fly out, F7 (Line Drive, 7S, EV 88.1 MPH)
Bottom of the 8th over - 4 runs, 5 hits, 0 errors, 1 left on base; Kelowna 9 - Roswell 6
TOP OF THE 9TH
Kelowna Heat batting - Pitching for Roswell Invaders : RHP D.J. Bryant
Now in RF: Falco van Koeveringe
Batting: RHB Noe Oliva 0-0: Called Strike
0-1: Called Strike
0-2: Foul Ball, location: 2F
0-2: Strikes out looking
Batting: RHB Soichi Kaneshiro 0-0: Ball
1-0: Fly out, F6 (Line Drive, 6M, EV 70.6 MPH)
Pinch Hitting: LHB Eddie Lemus 0-0: Called Strike
0-1: Ball
1-1: Ground out 6-3 (Groundball, 6MS, EV 68.8 MPH)
Top of the 9th over - 0 runs, 0 hits, 0 errors, 0 left on base; Kelowna 9 - Roswell 6
BOTTOM OF THE 9TH
Roswell Invaders batting - Pitching for Kelowna Heat : RHP James Jenkins
Now in LF: RĂºbem Trancoso
Pinch Hitting: LHB Andrew Moore 0-0: Ground out 1-3 (Groundball, 13, EV 68.1 MPH)
Batting: LHB Falco van Koeveringe 0-0: Called Strike
0-1: Ball
1-1: Fly out, F8 (Flyball, 8RXD, EV 89.4 MPH)
Batting: RHB Benjie Alejandro 0-0: Ball
1-0: Hit by Pitch
Batting: RHB Mike Smith 0-0: Called Strike
0-1: Swinging Strike
0-2: Ball
1-2: Strikes out looking
Bottom of the 9th over - 0 runs, 0 hits, 0 errors, 1 left on base; Kelowna 9 - Roswell 6
Thursday, December 15th , 2022 - OOTP Baseball 23.9 Build 102